 Dungeon Crawl Stone Soup version 0.31-a0-345-g1ebeae05c6 (webtiles) character file.

Game seed: 5992559739643654800

1 derpindaisy the Slasher (level 1, -2/21 HPs)
             Began as a Naga Berserker on July 22, 2023.
             Was a Follower of Trog.
             Slain by a jackal (3 damage)
             ... on level 1 of the Dungeon.
             The game lasted 00:01:09 (19 turns).

derpindaisy the Slasher (Naga Berserker)              Turns: 19, Time: 00:01:10

Health: -2/21      AC:  1    Str: 19    XL:     1   Next: 20%
Magic:  1/1        EV:  9    Int:  7    God:    Trog [*.....]
Gold:   0          SH:  0    Dex: 10    Spells: 0/0 levels left

rFire   . . .        a - +0 falchion
rCold   . . .        (no shield)
rNeg    . . .        b - +0 animal skin
rPois   +            (no helmet)
rElec   .            (no cloak)
rCorr   .            (no gloves)
SInv    +            (no barding)
Will    .....        (no amulet)
Stlth   +            (no ring)
HPRegen 0.23/turn    (no ring)
MPRegen 0.07/turn

%: no passive effects
@: very slow
A: AC +0, large, see invisible, deformed body, poison resistance, slowness 2,
spit poison 1, naga tail 1
a: Spit Poison, Renounce Religion, Berserk


You were on level 1 of the Dungeon.
You worshipped Trog.
Trog was aware of your devotion.
You visited 1 branch of the dungeon, and saw 1 of its levels.

Inventory:

Hand Weapons
 a - a +0 falchion (weapon)
Armour
 b - a +0 animal skin (worn)


   Skills:
 + Level 3.0 Fighting
 + Level 3.0 Long Blades
 - Level 1.5 Armour
 + Level 1.6 Dodging


You couldn't memorise any spells.
You didn't know any spells.
Your spell library was empty.

Dungeon Overview and Level Annotations

Branches:
Dungeon (1/15)

Altars:


Innate Abilities, Weirdness & Mutations

Your serpentine skin is tough. (AC +0)
You have supernaturally acute eyesight. (SInv)
Armour fits poorly on your strangely shaped body.
Your system is resistant to poisons. (rPois)
You cover ground very slowly.
You can spit poison.
You have a snake-like lower body.


Message History

The jackal barks! x2; You hear a bark!
A jackal comes into view.
A goblin comes into view. It is wielding a +0 club.
The goblin shouts!
You hit the jackal but do no damage. The jackal bites you.
You miss the jackal. The jackal bites you.
You hit the jackal.
The jackal is lightly wounded.
The jackal misses you. The jackal barely misses you. The jackal bites you. x2
The frilled lizard completely misses you.
The jackal completely misses you. The jackal attacks as you move away!
The jackal barely misses you.
The jackal stops to sniff the ground.
The frilled lizard barely misses you.
You slash the jackal!
You kill the jackal!
Trog accepts your kill. The jackal bites you.
The frilled lizard barely misses you. The jackal attacks as you move away!
The jackal bites you. x2
The jackal barely misses you.
The jackal bites you but does no damage.
You see here a jackal corpse.
The jackal attacks as you move away! The jackal closely misses you.
You closely miss the jackal. The jackal completely misses you.
The jackal bites you. x2
* * * LOW HITPOINT WARNING * * *
The jackal barely misses you.
You barely miss the jackal. The jackal closely misses you.
The jackal bites you.
* * * LOW HITPOINT WARNING * * *
The jackal bites you.
* * * LOW HITPOINT WARNING * * *
The jackal bites you.
* * * LOW HITPOINT WARNING * * *
You hit the jackal but do no damage.
The jackal bites you but does no damage.
The jackal bites you.
* * * LOW HITPOINT WARNING * * *
The jackal bites you.
You die...

.............
...........# #
..........# .#
......$...# ...
.##......####....
##........?....
.##...l.l.......
#.....##h###....
......#.@h..##...
......##.<.....#
......
#.....##...
.##.....##.### ..
.##... ... #...
.... #... (####
..... .. ....


You could see 2 jackals and a frilled lizard.

Vanquished Creatures
  A jackal (D:1)
1 creature vanquished.

Notes
Turn   | Place    | Note
-------+----------+-------------------------------------------
     0 | D:1      | derpindaisy the Naga Berserker began the quest for the Orb.
     0 | D:1      | Reached XP level 1. HP: 21/21 MP: 1/1
    18 | D:1      | HP: 1/21 [jackal (2)]
    19 | D:1      | Slain by a jackal

Illustrated notes

Levels and vault maps discovered:
D:1:      erik_arrival_blinker_ship, layout_rooms, serial_shops, shop

Action                     || total
---------------------------++-------
  Melee: Falchion          ||     7
 Armour: Animal skin       ||     2
  Dodge: Dodged            ||    12

Table legend: (Time is in decaauts)
 A = Elapsed time spent in this place.
 B = Non-inter-level travel time spent in this place.
 C = Inter-level travel time spent in this place.
 D = Time resting spent in this place.
 E = Time spent auto-exploring this place.
 F = Levels seen in this place.
 G = Mean time per level.
                   A        B        C        D        E       F      G
               +--------+--------+--------+--------+--------+-----+--------+
         Total |     25 |     25 |      0 |      0 |      4 |   1 |   25.0 |
       Dungeon |     25 |     25 |      0 |      0 |      4 |   1 |   25.0 |
               +--------+--------+--------+--------+--------+-----+--------+

Top non-repeatable levels by time:
     D:1: 25 daAuts
